 Dungeon Crawl Stone Soup version 0.22.1-2-g9c5b331383 (webtiles) character file.

56 Revguard the Skirmisher (level 3, 0/29 HPs)
             Began as a Demonspawn Fighter on Dec 6, 2018.
             Succumbed to a kobold's poison
             ... on level 2 of the Dungeon.
             The game lasted 00:04:12 (1645 turns).

Revguard the Skirmisher (Demonspawn Fighter)        Turns: 1645, Time: 00:04:12

Health: 0/29       AC:  9    Str: 17    XL:     3   Next: 69%
Magic:  3/3        EV:  7    Int:  9    God:
Gold:   209        SH:  9    Dex: 12    Spells: 2/2 levels left

rFire    . . .     SeeInvis .   a - +0 long sword
rCold    . . .     Gourm    .   c - +0 shield
rNeg     . . .     Faith    .   o - +0 scale mail (curse)
rPois    .         Spirit   +   (no helmet)
rElec    .         Reflect  .   (no cloak)
rCorr    .         Harm     .   p - +0 pair of gloves (curse)
MR       .....                  (no boots)
Stlth    ..........             (no amulet)
HPRegen  0.09/turn              (no ring)
MPRegen  0.08/turn              (no ring)

@: lethally poisoned (0 -> -26), flying, hasted, very quick
A: rugged brown scales 1, magic shield
a: no special abilities


You were on level 2 of the Dungeon.
You were hungry.

You visited 1 branch of the dungeon, and saw 2 of its levels.

You collected 209 gold pieces.

Inventory:

Hand Weapons
 a - a +0 long sword (weapon)
Armour
 b - a +0 scale mail
 c - a +0 shield (worn)
 n - a +0 chain mail
 o - a cursed +0 scale mail (worn)
 p - a cursed +0 pair of gloves (worn)
Scrolls
 e - 3 scrolls of teleportation {unknown}
 h - 2 scrolls of identify {unknown}
 i - a scroll of magic mapping {unknown}
 j - 2 scrolls of enchant weapon {unknown}
 l - 2 scrolls of enchant armour {unknown}
 m - 2 scrolls of remove curse {unknown}
Potions
 d - a potion of might
 g - a potion of brilliance {unknown}
 k - 2 potions of flight
 q - a potion of haste
Comestibles
 f - 5 rations


   Skills:
 + Level 3.3 Fighting
 + Level 2.3 Long Blades
 + Level 3.2 Armour
 + Level 0.4 Dodging
 + Level 3.1 Shields


You had 2 spell levels left.
You didn't know any spells.
Your spell library was empty.

Dungeon Overview and Level Annotations

Branches:
Dungeon (2/15)

Altars:
Trog


Innate Abilities, Weirdness & Mutations

You are partially covered in rugged brown scales. (AC +1, +3% HP)
When hurt, damage is shared between your health and your magic reserves.


Message History

The kobold barely misses you.
You closely miss the kobold.
* * * LOW HITPOINT WARNING * * *
You feel very sick. The kobold hits you but does no damage.
You are more poisoned.
You block the kobold's attack.
You hit the kobold.
The kobold is heavily wounded.
* * * LOW HITPOINT WARNING * * *
You feel very sick. The kobold hits you but does no damage.
It was a potion of flight.
You feel very buoyant.
You fly up into the air.
* * * LOW HITPOINT WARNING * * *
You feel very sick. You block the kobold's attack.
It was a potion of haste.
You feel yourself speed up.
You die...

#.# ##...## #.###.#
#.# ##+## #.....#
#.# ####.## ###.###
.....# #.# # ....#
#.# #.#...## #>#
.##...... #######.#
.......K# #.......#
#..#.@#####.#######
#...........#
........#######
.########


You could see a kobold.

Vanquished Creatures
  2 adders (D:2)
  A worm (D:2)
  A leopard gecko (D:1)
  A ball python (D:1)
  5 goblins
  3 hobgoblins
  4 jackals (D:1)
  2 bats (D:1)
  5 frilled lizards
  5 kobolds
  5 rats
  A fungus (D:2)
35 creatures vanquished.

Vanquished Creatures (others)
  A goblin (D:1)
1 creature vanquished.

Grand Total: 36 creatures vanquished

Notes
Turn   | Place    | Note
-------+----------+-------------------------------------------
     0 | D:1      | Revguard the Demonspawn Fighter began the quest for the
                  | Orb.
     0 | D:1      | Reached XP level 1. HP: 18/18 MP: 1/1
     2 | D:1      | Noticed a dwarf
     2 | D:1      | Noticed a draconian
     4 | D:1      | Noticed a gargoyle
     6 | D:1      | Noticed a demonspawn
     6 | D:1      | Noticed a minotaur
     8 | D:1      | Noticed a troll
    10 | D:1      | Noticed a vampire
    10 | D:1      | Noticed a merfolk
    12 | D:1      | Noticed an octopode
    12 | D:1      | Noticed a human
    14 | D:1      | Noticed a felid
    14 | D:1      | Noticed an ogre
    16 | D:1      | Noticed a vine stalker
    16 | D:1      | Noticed a demigod
    18 | D:1      | Noticed a formicid
    18 | D:1      | Noticed a ghoul
    20 | D:1      | Noticed a halfling
    22 | D:1      | Noticed a tengu
    22 | D:1      | Noticed a centaur
    24 | D:1      | Noticed an elf
    26 | D:1      | Noticed a spriggan
    26 | D:1      | Noticed a naga
   148 | D:1      | Gained mutation: You are partially covered in rugged brown
                  | scales. (AC +1, +3% HP) [demonic ancestry]
   148 | D:1      | Reached XP level 2. HP: 13/24 MP: 2/2
   938 | D:2      | Gained mutation: When hurt, damage is shared between your
                  | health and your magic reserves. [demonic ancestry]
   938 | D:2      | Reached XP level 3. HP: 29/29 MP: 3/3
  1392 | D:2      | Found a bloodstained altar of Trog.
  1645 | D:2      | Succumbed to a kobold's poison

Skill      XL: |  1  2 |
---------------+-------+-----
Armour         | 3 |  3.2
Long Blades    | 2 |  2.3
Shields        | 3 |  3.1
Fighting       | |  3.3
Dodging        | |  0.4

Action                   || total
-------------------------++-------
Melee: Long sword        ||   128
  Use: Potion            ||     2
  Eat: Chunk             ||     2
Armor: Scale mail        ||    42
       Chain mail        ||     7
Dodge: Dodged            ||    38
Block: Shield            ||    64
       Rpst.: Long sword ||    11
